 Dungeon Crawl Stone Soup version 0.30-a0-140-gd1020e658a (webtiles) character file.

Game seed: 5247052363488100727

9 Flugkiller the Chopper (level 2, 0/25 HPs)
             Began as a Ghoul Gladiator on Sept 24, 2022.
             Constricted to death by Jessica (4 damage)
             ... on level 2 of the Dungeon.
             The game lasted 00:00:21 (763 turns).

Flugkiller the Chopper (Ghoul Gladiator)             Turns: 763, Time: 00:00:21

Health: 0/25       AC:  5    Str: 17    XL:     2   Next: 12%
Magic:  1/1        EV:  9    Int:  3    God:
Gold:   86         SH:  0    Dex: 10    Spells: 1/1 levels left

rFire   . . .      SeeInvis .    a - +0 war axe
rCold   + . .      Faith    .    (no shield)
rNeg    + + +      Spirit   .    b - +0 leather armour
rPois   ∞          Reflect  .    c - +0 helmet
rElec   .          Harm     .    k - +0 cloak
rCorr   .          Rampage  .    (no gloves)
Will    .....                    (no boots)
Stlth   +.........               (no amulet)
HPRegen 0.00/turn                (no ring)
MPRegen 0.07/turn                (no ring)

@: grasped by roots, inhibited regen, constricted
A: claws 1, cold resistance 1, negative energy resistance 3, inhibited
regeneration, torment resistance 2, devour on kill
a: no special abilities


You were on level 2 of the Dungeon.
You visited 1 branch of the dungeon, and saw 2 of its levels.

You collected 86 gold pieces.

Inventory:

Hand Weapons
 a - a +0 war axe (weapon)
Missiles
 d - 3 throwing nets (quivered)
 e - a javelin
Armour
 b - a +0 leather armour (worn)
 c - a +0 helmet (worn)
 k - a +0 cloak (worn)
   (You found it on level 1 of the Dungeon)
Jewellery
 m - a ring of willpower
   (You found it on level 1 of the Dungeon)
Scrolls
 g - a scroll of torment {unknown}
 i - 2 scrolls of magic mapping {unknown}
 n - a scroll of vulnerability {unknown}
 p - a scroll of identify {unknown}
Potions
 f - a potion of heal wounds {unknown}
 h - a potion of ambrosia {unknown}
 j - a potion of flight {unknown}
 l - a potion of degeneration {unknown}
 o - a potion of magic {unknown}


   Skills:
 + Level 2.5 Fighting
 * Level 3.1 Axes
 - Level 1.7 Throwing
 - Level 2.6 Dodging


You had one spell level left.
You didn't know any spells.
Your spell library contained the following spells:

 Spells                   Type           Power      Damage    Failure   Level
 Airstrike                Air            0%         2d(0-16)  100%        4
 Summon Lightning Spire   Summ/Air       0%         N/A       100%        4
 Lightning Bolt           Conj/Air       0%         1d11      100%        5


Dungeon Overview and Level Annotations

Branches:
Dungeon (2/15) Zot: 11227

Altars:

Annotations:
D:2 Jessica


Innate Abilities, Weirdness & Mutations

You are immune to poison.
You have sharp fingernails.
Your flesh is cold resistant. (rC+)
You are immune to negative energy. (rN+++)
You do not regenerate when monsters are visible.
You are immune to unholy pain and torment.
You thrive by killing the living.


Message History

You kill the ball python!
You have reached level 2!
Found 6 stones.
o - a smoky ruby potion You now have 61 gold pieces (gained 8).
You now have 71 gold pieces (gained 10).
p - a scroll labelled COCLIE PANU No target in view!
No target in view!
No target in view!
No target in view!
No target in view!
No target in view!
Found a mace.
A ball python comes into view.
The ball python hisses angrily.
A giant cockroach comes into view.
There are monsters nearby!
The giant cockroach bites you but does no damage.
The giant cockroach closely misses you.
You closely miss the giant cockroach.
The giant cockroach bites you but does no damage.
You completely miss the giant cockroach.
The giant cockroach closely misses you.
The giant cockroach bites you but does no damage.
You closely miss the giant cockroach. The giant cockroach closely misses you.
You slash the giant cockroach!
You kill the giant cockroach!
The ball python closely misses you. The ball python grabs you.
The ball python constricts you.
You barely miss the ball python. The ball python bites you.
The ball python constricts you.
You hit the ball python.
The ball python is severely wounded.
The ball python barely misses you. The ball python constricts you.
The ball python barely misses you. The ball python constricts you.
You closely miss the ball python.
The ball python is severely wounded.
The ball python bites you. The ball python constricts you.
The ball python bites you but does no damage.
The ball python constricts you.
You closely miss the ball python.
The ball python is severely wounded.
The ball python bites you but does no damage.
The ball python constricts you.
A ball python is nearby!
A ball python is nearby!
You hit the ball python.
You kill the ball python!
No target in view!
No target in view!
No target in view!
No target in view!
You now have 86 gold pieces (gained 15).
An adder comes into view.
Found a puce potion.
The adder hisses angrily.
An adder is nearby!
An adder is nearby!
Jessica the Apprentice Sorceress comes into view.
She is wielding a +0 dagger and carrying a wand of roots (11).
Found a glowing ring mail.
A quokka comes into view.
You barely miss the adder. The adder closely misses you.
The adder barely misses you.
Jessica zaps a wand.
The roots erupt in riotous growth!
The grasping roots grab you!
The adder is unaffected.
The grasping roots constrict you.
You hear an angry hiss.
You miss the adder. The adder bites you.
Jessica looks very angry.
Jessica casts a spell.
Jessica blinks!
The grasping roots constrict you. The adder bites you but does no damage.
You miss the adder. You barely miss the quokka.
The grasping roots constrict you. The adder misses you.
The quokka bites you but does no damage.
The grasping roots release their grip on you.
You are too injured to fight recklessly!
You are too injured to fight recklessly!
You are too injured to fight recklessly!
You are too injured to fight recklessly!
You are too injured to fight recklessly!
Unknown command.
You closely miss the adder. You claw the adder.
The adder is heavily wounded.
You closely miss the quokka. The adder bites you but does no damage.
Jessica zaps a wand.
The roots erupt in riotous growth!
The grasping roots grab you!
The adder is unaffected.
The quokka is unaffected.
The grasping roots constrict you. The quokka barely misses you.
The adder barely misses you. The grasping roots constrict you.
* * * LOW HITPOINT WARNING * * *
The quokka bites you.
* * * LOW HITPOINT WARNING * * *
You barely miss the adder.
The adder is heavily wounded.
You hit the quokka. The adder bites you but does no damage.
The quokka bites you but does no damage.
The grasping roots constrict you.
You die...

###.. ..... ##...
#....## # # [.@.##
.#.. #!..###..... #.
#........#.. ...
####.# ##..@S.....#
##.
......###....r....#.
# #.#........###.###
##.# #....##†..## #
.#.###..#.......##
........##.......#
...#..(..........#
.....##.....#....#
##.#.....##.#....#


You could see an adder, Jessica and a quokka.

Vanquished Creatures
  3 ball pythons
  An endoplasm (D:1)
  A giant cockroach (D:2)
  A quokka (D:1)
  2 bats (D:1)
  A kobold (D:1)
9 creatures vanquished.

Notes
Turn   | Place    | Note
-------+----------+-------------------------------------------
     0 | D:1      | Flugkiller the Ghoul Gladiator began the quest for the Orb.
     0 | D:1      | Reached XP level 1. HP: 17/17 MP: 0/0
   597 | D:1      | Reached skill level 3 in Axes
   688 | D:2      | Reached XP level 2. HP: 25/25 MP: 1/1
   757 | D:2      | Noticed Jessica
   763 | D:2      | Constricted to death by Jessica

Illustrated notes

Levels and vault maps discovered:
D:1:      minmay_arrival_cross, layout_basic, kennysheep_decorative_pillar
D:2:      layout_rooms, ebering_ecumenical_altar_box, uniq_jessica

Skill      XL: |  1 |
---------------+----+-----
Axes           | 3 |  3.1
Fighting       | |  2.5
Throwing       | |  1.7
Dodging        | |  2.6

Action                   || total
-------------------------++-------
Melee: War axe           ||    26
       Punch             ||     1
Armor: Leather armour    ||    15
Dodge: Dodged            ||    20

Table legend: (Time is in decaauts)
 A = Elapsed time spent in this place.
 B = Non-inter-level travel time spent in this place.
 C = Inter-level travel time spent in this place.
 D = Time resting spent in this place.
 E = Time spent auto-exploring this place.
 F = Levels seen in this place.
 G = Mean time per level.
                   A        B        C        D        E       F      G
               +--------+--------+--------+--------+--------+-----+--------+
         Total |    771 |    746 |     25 |      0 |    654 |   2 |  385.5 |
       Dungeon |    771 |    746 |     25 |      0 |    654 |   2 |  385.5 |
               +--------+--------+--------+--------+--------+-----+--------+

Top non-repeatable levels by time:
     D:1: 680 daAuts
     D:2: 91 daAuts
